 Dungeon Crawl Stone Soup version 0.29.1-2-gbd0b4ee654 (webtiles) character file.

Game seed: 6909617756388696138

5347 LustLizard the Covert (level 10, -1/53 HPs)
             Began as a Spriggan Hunter on Oct 26, 2022.
             Was a Believer of Dithmenos.
             Slain by an acid dragon (3 damage)
             ... on level 9 of the Dungeon.
             The game lasted 00:22:02 (12942 turns).

LustLizard the Covert (Spriggan Hunter)            Turns: 12942, Time: 00:22:03

Health: -1/53      AC:  2    Str: 13    XL:     10   Next: 38%
Magic:  11/11      EV: 14    Int: 12    God:    Dithmenos [**....]
Gold:   194        SH:  0    Dex: 26    Spells: 9/9 levels left

rFire   x . .      SeeInvis +   a - +0 shortbow
rCold   + + .      Faith    .   (shield currently unavailable)
rNeg    . . .      Spirit   .   x - +0 ice dragon scales
rPois   .          Reflect  .   (helmet restricted)
rElec   +          Harm     .   B - +0 cloak
rCorr   .          Rampage  .   (gloves unavailable)
Will    +....                   (boots unavailable)
Stlth   +++++.....              o - amulet "Fyhaazang" {RegenMP *Corrode +Inv rElec Str+4}
HPRegen 0.17/turn               t - +6 ring of dexterity
MPRegen 0.52/turn               (no ring)

@: corroded, wreathed by umbra, very quick
A: very small, no large weapons, unfitting armour, see invisible, speed 3
a: Renounce Religion, Evoke Invisibility, Shadow Step


You were on level 9 of the Dungeon.
You worshipped Dithmenos.
Dithmenos was pleased with you.
You visited 3 branches of the dungeon, and saw 11 of its levels.

You collected 397 gold pieces.
You spent 203 gold pieces at shops.

Inventory:

Hand Weapons
 a - a +0 shortbow (weapon)
Armour
 c - a +0 robe
 x - +0 ice dragon scales (worn)
 B - a +0 cloak (worn)
Jewellery
 l - an amulet of faith
 o - the amulet "Fyhaazang" (around neck) {RegenMP *Corrode +Inv rElec Str+4}
   (You acquired it on level 8 of the Dungeon)

   [amulet of magic regeneration]

   It increases your rate of magic regeneration.
   Str:       It affects your strength (+4).
   rElec:     It insulates you from electricity.
   +Inv:      It lets you turn invisible.
   *Corrode:  It may corrode you when you take damage.
 t - a +6 ring of dexterity (left hand)
Wands
 u - a wand of polymorph (9)
 E - a wand of mindburst (7)
Scrolls
 b - 2 scrolls of immolation
 d - 5 scrolls of fear
 f - 4 scrolls of teleportation
 h - a scroll of vulnerability {unknown}
 q - a scroll of noise {unknown}
 s - 2 scrolls of silence {unknown}
 v - a scroll of summoning {unknown}
 w - a scroll of poison {unknown}
 y - a scroll of magic mapping
 z - a scroll of amnesia
Potions
 e - 3 potions of berserk rage
 g - 2 potions of might
 i - a potion of attraction
 j - 3 potions of flight
 k - 2 potions of ambrosia
 m - a potion of heal wounds
 n - a potion of mutation
 p - a potion of haste
 r - 2 potions of brilliance
 A - 2 potions of magic
 C - 2 potions of cancellation


   Skills:
 + Level 6.7 Fighting
 * Level 11.7 Ranged Weapons
 - Level 2.6 Dodging
 + Level 12.0 Stealth


You had 9 spell levels left.
You didn't know any spells.
Your spell library contained the following spells:

 Spells                   Type           Power      Damage    Failure   Level
 Freeze                   Ice            0%         1d3       93%         1
 Static Discharge         Conj/Air       0%         3-3/arc   98%         2
 Sublimation of Blood     Necr           0%         N/A       98%         2
 Dazzling Flash           Conj/Hex       0%         N/A       100%        3
 Frozen Ramparts          Ice            0%         1d1       100%        3
 Gell's Gravitas          Tloc           0%         N/A       100%        3
 Ozocubu's Armour         Ice            0%         N/A       100%        3
 Teleport Other           Tloc           0%         N/A       100%        3
 Anguish                  Hex/Necr       0%         N/A       100%        4
 Dispel Undead            Necr           0%         3d6       100%        4
 Hailstorm                Conj/Ice       0%         3d3       100%        4
 Olgreb's Toxic Radiance  Pois           0%         N/A       100%        4
 Petrify                  Tmut/Erth      0%         N/A       100%        4
 Sticky Flame             Conj/Fire      0%         2d3       100%        4
 Summon Lightning Spire   Summ/Air       0%         N/A       100%        4
 Agony                    Necr           0%         N/A       100%        5
 Irradiate                Conj/Tmut      0%         3d11      100%        5
 Metabolic Englaciation   Hex/Ice        0%         N/A       100%        5
 Silence                  Hex/Air        0%         N/A       100%        5
 Dispersal                Tloc           0%         N/A       100%        6
 Simulacrum               Ice/Necr       0%         N/A       100%        6
 Enfeeble                 Hex            0%         N/A       100%        7
 Ozocubu's Refrigeration  Ice            0%         4d7       100%        7
 Storm Form               Tmut/Air       0%         N/A       100%        7
 Ignition                 Fire           0%         3d3       100%        8
 Maxwell's Capacitive Co  Air            0%         ∞         100%        8


Dungeon Overview and Level Annotations

Branches:
Dungeon (9/15)             Temple (1/1) D:5            Lair (1/5) D:9
    Orc: D:9-12

Altars:
Ashenzari
Dithmenos
Kikubaaqudgha
Sif Muna
Wu Jian
Xom
Zin

Shops:
D:1 :([?:

Annotations:
D:8 Joseph, Maurice


Innate Abilities, Weirdness & Mutations

You are very small and have problems with some larger weapons.
You are too small for most types of armour.
You have supernaturally acute eyesight. (SInv)
You cover ground extremely quickly. (Speed+++)


Message History

The acid dragon roars!
The arrow hits the acid dragon.
The acid dragon is lightly wounded.
The acid dragon spits acid at you. The splash of acid hits you!!
The acid corrodes you!
You shoot an arrow.
The arrow hits the acid dragon but does no damage.
The acid dragon is lightly wounded.
You shoot an arrow. The arrow hits the acid dragon!
The acid dragon is heavily wounded.
You shoot an arrow. The arrow hits the acid dragon.
The acid dragon is heavily wounded.
You shoot an arrow.
The arrow barely misses the acid dragon.
The acid dragon spits acid at you. The splash of acid misses you.
You shoot an arrow. The arrow hits the acid dragon.
The acid dragon is heavily wounded.
The acid dragon bites you! The acid dragon closely misses you.
You shoot an arrow.
The arrow barely misses the acid dragon.
The acid dragon bites you but does no damage.
The acid dragon closely misses you.
You shoot an arrow. The arrow hits the acid dragon.
The acid dragon is severely wounded.
The acid dragon closely misses you. The acid dragon claws you.
The acid dragon spits acid at you. The splash of acid hits you!!
* * * LOW HITPOINT WARNING * * *
The acid corrodes you!
Fire: a) +0 shortbow
Press: ? - help, Q - select action, (/) - cycle Shift-Dir - straight line, f/p - acid dragon
Aim: an acid dragon (severely wounded, umbra, 72% to hit)
You shoot an arrow.
The arrow hits the acid dragon but does no damage.
The acid dragon is severely wounded.
The acid dragon bites you.
* * * LOW HITPOINT WARNING * * *
The acid dragon claws you.
You die...

..P......P.P...........#
.....#'##.P............#
..P..#..#..............#
.....#.>#..............#
.P...####.....###÷##...#
....P.........# #÷##...#
#.P..........## #.##...#
#..P.........####D######
##...P.P..P.....@.#
#.#.......########
#.###.....# ##.# #######
...# ####


You could see an acid dragon.

Vanquished Creatures
  A two-headed ogre (D:9)
  The ghost of croobank the Ducker, a novice FeSu of Gozag (D:7)
  A kobold demonologist (D:9)
  A hornet (D:8)
  Prince Ribbit (D:8)
  3 yaks (D:8)
  A wyvern (D:7)
  A steam dragon (D:9)
  A water moccasin (D:5)
  3 black bears
  2 orc warriors (D:9)
  3 ice beasts (D:7)
  A centaur (D:8)
  2 ogres
  3 wolves
  A kobold brigand (D:8)
  A bullfrog (D:9)
  2 necrophages (D:5)
  4 scorpions
  5 killer bees
  2 howler monkeys (D:6)
  A jelly (D:7)
  5 hounds
  5 orc priests
  2 gnoll boudas (D:8)
  9 orc wizards
  3 iguanas
  15 gnolls
  10 adders
  4 shadow imps
  A white imp (D:7)
  An ufetubus (D:4)
  3 dart slugs
  27 orcs
  4 bats
  6 endoplasms
  4 giant cockroaches
  6 goblins
  4 hobgoblins
  7 jackals
  3 quokkas
  6 ball pythons
  10 frilled lizards
  15 kobolds
  7 rats
198 creatures vanquished.

Vanquished Creatures (others)
  An orc (D:8)
  15 fungi (D:9)
  17 plants
33 creatures vanquished.

Grand Total: 231 creatures vanquished

Notes
Turn   | Place    | Note
-------+----------+-------------------------------------------
     0 | D:1      | LustLizard the Spriggan Hunter began the quest for the Orb.
     0 | D:1      | Reached XP level 1. HP: 10/10 MP: 2/2
    83 | D:1      | Reached skill level 2 in Stealth
    88 | D:1      | Reached XP level 2. HP: 13/15 MP: 3/3
   113 | D:1      | Found Avamecutz's Book Shop.
   196 | D:1      | Found Coan's Armour Emporium.
   199 | D:1      | Found Syiperip's Magic Scroll Shoppe.
   199 | D:1      | Found Zeitov's Weapon Shop.
   230 | D:1      | Bought a scroll of identify for 22 gold pieces
   444 | D:1      | Found Caotiluh's Book Shop.
   658 | D:2      | Reached XP level 3. HP: 18/18 MP: 4/4
   697 | D:1      | Reached skill level 3 in Stealth
  1188 | D:2      | Reached XP level 4. HP: 9/23 MP: 5/5
  1446 | D:2      | Found a faded altar of an unknown god.
  1753 | D:3      | Reached skill level 5 in Ranged Weapons
  2343 | D:4      | Reached XP level 5. HP: 27/27 MP: 6/6
  2393 | D:4      | Reached skill level 4 in Stealth
  2930 | D:4      | Noticed a black bear
  2958 | D:4      | Killed a black bear
  2959 | D:4      | Reached XP level 6. HP: 32/32 MP: 7/7
  3113 | D:4      | Reached skill level 5 in Stealth
  3219 | D:5      | Entered Level 5 of the Dungeon
  3532 | D:5      | Noticed a water moccasin
  3604 | D:5      | Killed a water moccasin
  3626 | D:5      | Found a staircase to the Ecumenical Temple.
  3642 | D:5      | Reached XP level 7. HP: 36/36 MP: 8/8
  3714 | D:5      | Reached skill level 6 in Stealth
  3903 | Temple   | Entered the Ecumenical Temple
  4019 | Temple   | Became a worshipper of Dithmenos the Shadowed
  5076 | D:1      | Bought a scroll of identify for 22 gold pieces
  5076 | D:1      | Bought a scroll of identify for 22 gold pieces
  5076 | D:1      | Bought a scroll of identify for 22 gold pieces
  5076 | D:1      | Bought a scroll of teleportation for 33 gold pieces
  5076 | D:1      | Bought a scroll of magic mapping for 82 gold pieces
  5297 | D:6      | Reached skill level 7 in Stealth
  5665 | D:6      | Reached XP level 8. HP: 42/42 MP: 9/9
  5899 | D:6      | Reached * piety under Dithmenos
  6057 | D:7      | Reached skill level 8 in Stealth
  6088 | D:7      | Found a broken altar of Ashenzari.
  6136 | D:7      | Found a runed translucent door.
  6139 | D:7      | Noticed croobank's ghost (novice FeSu)
  6823 | D:7      | Killed croobank's ghost
  6824 | D:7      | Reached skill level 5 in Fighting
  6824 | D:7      | Reached skill level 9 in Stealth
  6824 | D:7      | Reached XP level 9. HP: 47/47 MP: 10/10
  6830 | D:8      | Noticed Maurice
  7034 | D:8      | Noticed Joseph
  7042 | D:8      | Noticed Prince Ribbit
  7448 | D:8      | Killed Prince Ribbit
  8095 | D:8      | Reached ** piety under Dithmenos
  8207 | D:8      | Identified the +3 leather armour of Zealous Curiosity
                  | {Contam rPois rN+++ Str-4}
  8512 | D:8      | Reached skill level 10 in Ranged Weapons
  8512 | D:8      | Reached skill level 10 in Stealth
  9072 | D:8      | Identified the +2 leather armour "Akatul" {rCorr Str-3
                  | Dex+4}
  9713 | D:9      | Noticed a kobold demonologist
  9716 | D:9      | Noticed a sixfirhy
  9925 | D:9      | Noticed a sun demon
 10233 | D:9      | Noticed a two-headed ogre
 10296 | D:9      | Killed a two-headed ogre
 10297 | D:9      | Reached skill level 11 in Stealth
 10297 | D:9      | Reached XP level 10. HP: 53/53 MP: 11/11
 10614 | D:8      | Identified a scroll of acquirement
 10630 | D:8      | Acquired the amulet "Fyhaazang" {RegenMP *Corrode +Inv
                  | rElec Str+4}
 12418 | D:9      | Noticed a centaur warrior
 12533 | D:9      | Found a staircase to the Lair.
 12538 | Lair:1   | Entered Level 1 of the Lair of Beasts
 12828 | D:9      | Reached skill level 12 in Stealth
 12942 | D:9      | HP: 2/53 [acid dragon (4)]
 12942 | D:9      | Slain by an acid dragon

Illustrated notes

Levels and vault maps discovered:
D:1:      nzn_arrival_depleted_hourglass, layout_basic, serial_shops, shop,
          shop, nicolae_shop_window_shopping, shop, shop,
          kennysheep_nondescript, serial_bayou_crossing
D:2:      layout_rooms, shapermc_ecumenical_altar_mp_vishouse
D:3:      layout_basic, serial_glass, glass_columns_b, glass_columns_b
D:4:      layout_basic, dk_vineyard_2
D:5:      layout_basic, minmay_temple_entry_statues_pillars, chequers_avenue,
          minmay_lizard_king
D:6:      layout_rooms
D:7:      layout_cave_pools, nicolae_ashenzari_skybound,
          hellmonk_ghost_happy_afterlife, serial_bayou, serial_bayou_pond_e,
          serial_bayou_pond_c, serial_bayou_pond_b, serial_bayou_pond_d,
          kennysheep_crisscross
D:8:      layout_basic, roderic_lattice_a, uniq_maurice, uniq_joseph,
          uniq_prince_ribbit1
D:9:      layout_basic, grunt_lair_entry_orc_guard_hut, serial_shops,
          nicolae_shop_bloodbath_and_beyond, grunt_ministairs_10, nicolae_titane
Temple:   mainiacjoe_temple_big_plus
Lair:1:   layout_cave_pods

Skill      XL: |  1  2  3  4  5  6  7  8  9 10 |
---------------+-------------------------------+-----
Stealth        | 2 3 4 5 7 9 11 12 | 12.0
Fighting       | 2 3 4 5 6 |  6.7
Ranged Weapons | 5 6 7 9 11 | 11.7
Dodging        | |  2.6

Action                   |  1- 3 |  4- 6 |  7- 9 | 10-12 || total
-------------------------+-------+-------+-------+-------++-------
 Fire: Shortbow          |   110 |   135 |   494 |   177 ||   916
  Use: Scroll            |     4 |     5 |     8 |     5 ||    22
       Potion            |       |       |     2 |     2 ||     4
Armor: Robe              |     9 |     7 |    10 |       ||    26
       Ice dragon scales |       |       |       |    33 ||    33
Dodge: Dodged            |    27 |    56 |   157 |   133 ||   373
